General information
- name: BNet
- type: Ladder team game (AT/RT)
- host: Battle.net
- saver: Bury.MeStanding
map: Deadlands
- players: 8
- length: 39:52
- speed: Fast
- version: 1.26 W3XP
- replay type: Public
» download(211 KB)
Players
team 1 (loser)

»
daboss14 (
teal | 58 APM | 744 actions | 12:53)
3 Archmage
2 Blizzard
1 Brilliance Aura
1 Blood Mage
1 Siphon Mana
» actions
| Assign group hotkey | 14 | |
| Basic commands | 1 | |
| Build / train | 55 | |
| Enter build submenu | 17 | |
| Enter hero's abilities submenu | 4 | |
| Right click | 381 | |
| Select / deselect | 174 | |
| Select group hotkey | 78 | |
| Use ability | 20 | |
744 total
» units
» upgrades
» buildings
| Altar of Kings | 1 | |
| Farm | 7 | |
| Blacksmith | 1 | |
| Barracks | 2 | |
| Arcane Vault | 1 | |
| Town Hall | 1 | |
| Keep | 1 | |
| Workshop | 2 | |
| Scout Tower | 2 | |
| Arcane Tower | 1 | |
19 total
» build order
00:04 Altar of Kings
00:07 Farm
01:11 Blacksmith
01:14 Barracks
01:30 Farm
01:55 Barracks
02:14 Farm
02:28 Arcane Vault
02:31 Farm
04:09 Farm
05:07 Farm
06:49 Town Hall
07:01 Keep
08:50 Farm
09:34 Workshop
09:36 Workshop
09:44 Scout Tower
09:48 Scout Tower
10:22 Arcane Tower
burymepeeing (
blue | 61 APM | 2417 actions | 39:51)
8 Blood Mage
3 Banish
3 Flame Strike
1 Summon Phoenix
1 Siphon Mana
1 Goblin Tinker
1 Pocket Factory
» actions
| Assign group hotkey | 40 | |
| Basic commands | 22 | |
| Build / train | 87 | |
| Enter build submenu | 24 | |
| Enter hero's abilities submenu | 11 | |
| Give item / drop item | 3 | |
| Right click | 991 | |
| Select / deselect | 288 | |
| Select group hotkey | 769 | |
| Use ability | 182 | |
2417 total
» units
| Peasant | 13 | |
| Footman | 4 | |
| Goblin Shredder | 1 | |
| Gryphon Rider | 5 | |
| Goblin Sapper | 2 | |
| Dragonhawk Rider | 3 | |
| Goblin Zeppelin | 2 | |
30 total
» upgrades
| Masonry | 3 | |
| Animal War Training | 1 | |
| Swords | 2 | |
| Armor | 2 | |
| Storm Hammers | 1 | |
| Cloud | 1 | |
10 total
» buildings
| Altar of Kings | 1 | |
| Barracks | 1 | |
| Farm | 10 | |
| Scout Tower | 34 | |
| Arcane Tower | 1 | |
| Lumber Mill | 1 | |
| Town Hall | 2 | |
| Guard Tower | 11 | |
| Keep | 1 | |
| Arcane Vault | 1 | |
| Castle | 1 | |
| Gryphon Aviary | 3 | |
| Blacksmith | 1 | |
| Workshop | 1 | |
| Cannon Tower | 2 | |
71 total
» build order
00:08 Altar of Kings
00:21 Barracks
00:36 Farm
00:51 Farm
01:32 Scout Tower
01:37 Farm
02:11 Arcane Tower
02:44 Lumber Mill
03:08 Farm
04:14 Town Hall
04:16 Scout Tower
04:16 Scout Tower
04:17 Scout Tower
04:18 Scout Tower
04:51 Guard Tower
05:46 Keep
06:38 Arcane Vault
06:45 Scout Tower
06:45 Scout Tower
06:46 Scout Tower
06:47 Scout Tower
06:47 Scout Tower
06:49 Scout Tower
07:48 Guard Tower
08:19 Castle
08:22 Gryphon Aviary
08:23 Gryphon Aviary
09:05 Gryphon Aviary
09:07 Blacksmith
09:40 Farm
09:41 Farm
09:41 Farm
09:42 Farm
13:43 Scout Tower
13:43 Scout Tower
13:44 Scout Tower
13:50 Scout Tower
13:50 Scout Tower
13:50 Scout Tower
13:51 Scout Tower
13:52 Scout Tower
14:21 Guard Tower
14:24 Scout Tower
14:24 Scout Tower
14:24 Scout Tower
14:25 Scout Tower
14:28 Guard Tower
14:51 Guard Tower
14:56 Farm
14:57 Farm
15:04 Guard Tower
15:05 Guard Tower
15:42 Scout Tower
15:42 Scout Tower
15:42 Scout Tower
15:45 Scout Tower
15:45 Scout Tower
15:46 Scout Tower
15:46 Scout Tower
15:47 Scout Tower
15:47 Scout Tower
15:48 Scout Tower
15:48 Scout Tower
16:22 Guard Tower
17:08 Guard Tower
18:05 Guard Tower
19:26 Guard Tower
20:06 Town Hall
30:58 Workshop
32:57 Cannon Tower
33:24 Cannon Tower
» items
| Scroll of Regeneration | 4 | |
| Lesser Clarity Potion | 2 | |
| Scroll of Town Portal | 2 | |
| Potion of Invisibility | 1 | |
| Staff of Teleportation | 2 | |
| Potion of Lesser Invulnerability | 2 | |
| Scroll of Healing | 1 | |
| Scroll of Protection | 1 | |
| Ivory Tower | 3 | |
18 total
BetterCallSaul (
purple | 25 APM | 613 actions | 24:56)
5 Blademaster
3 Wind Walk
2 Critical Strike
2 Tauren Chieftain
1 War Stomp
1 Endurance Aura
» actions
| Basic commands | 1 | |
| Build / train | 71 | |
| Enter build submenu | 22 | |
| Enter hero's abilities submenu | 7 | |
| Give item / drop item | 2 | |
| Remove unit from queue | 1 | |
| Right click | 298 | |
| Select / deselect | 173 | |
| Use ability | 37 | |
613 total
» units
| Peon | 33 | |
| Grunt | 12 | |
| Troll Headhunter/Berserker | 2 | |
| Mortar Team | 4 | |
51 total
» upgrades
| Spiked Barricades | 1 | |
| Berserker Strength | 1 | |
| Shaman Training | 2 | |
| Witch Doctor Training | 2 | |
| Armor | 1 | |
7 total
» buildings
| Altar of Storms | 1 | |
| Orc Burrow | 6 | |
| Barracks | 2 | |
| War Mill | 1 | |
| Watch Tower | 8 | |
| Great Hall | 1 | |
| Stronghold | 1 | |
| Spirit Lodge | 2 | |
| Fortress | 1 | |
23 total
» build order
00:25 Altar of Storms
00:40 Orc Burrow
00:56 Barracks
01:37 War Mill
01:57 Barracks
02:22 Orc Burrow
03:20 Orc Burrow
05:45 Watch Tower
06:05 Great Hall
06:37 Orc Burrow
06:50 Watch Tower
06:54 Stronghold
08:09 Watch Tower
09:27 Watch Tower
09:40 Spirit Lodge
09:44 Spirit Lodge
11:46 Watch Tower
12:23 Fortress
14:03 Orc Burrow
14:35 Watch Tower
15:45 Watch Tower
17:42 Watch Tower
20:39 Orc Burrow
» items

»
aquila_viana (
orange | 69 APM | 1852 actions | 26:46)
5 Archmage
1 Blizzard
3 Summon Water Elemental
1 Brilliance Aura
3 Paladin
1 Divine Shield
2 Holy Light
1 Blood Mage
1 Flame Strike
» actions
| Assign group hotkey | 28 | |
| Basic commands | 86 | |
| Build / train | 81 | |
| ESC pressed | 1 | |
| Enter build submenu | 31 | |
| Enter hero's abilities submenu | 11 | |
| Give item / drop item | 2 | |
| Right click | 447 | |
| Select / deselect | 289 | |
| Select group hotkey | 796 | |
| Use ability | 80 | |
1852 total
» units
| Peasant | 23 | |
| Rifleman | 26 | |
| Priest | 4 | |
53 total
» upgrades
| Gunpowder | 2 | |
| Armor | 2 | |
| Lumber Harvesting | 1 | |
| Long Rifles | 1 | |
6 total
» buildings
| Altar of Kings | 1 | |
| Farm | 13 | |
| Barracks | 2 | |
| Blacksmith | 1 | |
| Lumber Mill | 1 | |
| Town Hall | 1 | |
| Scout Tower | 8 | |
| Guard Tower | 4 | |
| Keep | 1 | |
| Arcane Vault | 2 | |
| Arcane Sanctum | 2 | |
36 total
» build order
00:12 Altar of Kings
00:20 Farm
00:41 Barracks
01:05 Farm
01:45 Farm
01:55 Blacksmith
02:33 Lumber Mill
02:45 Farm
03:42 Farm
05:05 Town Hall
05:09 Scout Tower
05:10 Scout Tower
05:11 Scout Tower
05:13 Scout Tower
05:23 Farm
06:07 Farm
06:46 Farm
07:02 Guard Tower
07:10 Guard Tower
07:29 Farm
08:14 Farm
08:40 Keep
09:36 Farm
09:41 Guard Tower
09:43 Scout Tower
09:45 Scout Tower
09:47 Scout Tower
10:58 Farm
11:00 Guard Tower
11:07 Barracks
11:21 Arcane Vault
11:26 Arcane Vault
11:45 Farm
12:18 Arcane Sanctum
12:21 Arcane Sanctum
17:11 Scout Tower
» items
| Scroll of Town Portal | 1 | |
| Potion of Healing | 1 | |
| Potion of Mana | 2 | |
4 total
team 2 (winner)
mr.weinstein (
pink | 57 APM | 1723 actions | 29:59)
4 Mountain King
2 Storm Bolt
2 Bash
4 Paladin
2 Holy Light
2 Divine Shield
» actions
| Assign group hotkey | 30 | |
| Basic commands | 13 | |
| Build / train | 97 | |
| ESC pressed | 1 | |
| Enter build submenu | 35 | |
| Enter hero's abilities submenu | 9 | |
| Give item / drop item | 3 | |
| Right click | 596 | |
| Select / deselect | 510 | |
| Select group hotkey | 313 | |
| Use ability | 116 | |
1723 total
» units
| Peasant | 30 | |
| Footman | 4 | |
| Knight | 2 | |
| Draenei Disciple | 1 | |
| Dragonhawk Rider | 1 | |
| Gryphon Rider | 6 | |
| Priest | 1 | |
45 total
» upgrades
| Masonry | 3 | |
| Lumber Harvesting | 2 | |
| Defend | 1 | |
| Swords | 3 | |
| Animal War Training | 1 | |
| Armor | 3 | |
| Cloud | 1 | |
| Storm Hammers | 1 | |
15 total
» buildings
| Farm | 12 | |
| Scout Tower | 5 | |
| Lumber Mill | 1 | |
| Keep | 1 | |
| Arcane Tower | 2 | |
| Altar of Kings | 2 | |
| Barracks | 1 | |
| Guard Tower | 2 | |
| Castle | 1 | |
| Town Hall | 2 | |
| Blacksmith | 1 | |
| Gryphon Aviary | 4 | |
| Arcane Vault | 1 | |
| Arcane Sanctum | 1 | |
36 total
» build order
00:45 Farm
00:48 Scout Tower
01:05 Lumber Mill
02:30 Keep
02:33 Arcane Tower
02:35 Altar of Kings
02:40 Barracks
02:46 Farm
03:37 Farm
03:40 Scout Tower
04:27 Guard Tower
05:14 Castle
05:54 Town Hall
06:30 Farm
06:37 Blacksmith
07:26 Gryphon Aviary
08:36 Arcane Vault
08:46 Farm
10:55 Scout Tower
10:55 Scout Tower
10:56 Scout Tower
11:23 Town Hall
11:28 Guard Tower
11:55 Farm
11:55 Farm
12:00 Arcane Tower
15:04 Gryphon Aviary
15:05 Gryphon Aviary
15:06 Gryphon Aviary
16:16 Farm
16:16 Farm
16:17 Farm
18:40 Farm
18:43 Farm
20:26 Arcane Sanctum
24:22 Altar of Kings
» items
| Staff of Sanctuary | 3 | |
| Orb of Fire | 2 | |
| Scroll of Town Portal | 1 | |
| Potion of Healing | 1 | |
| Mechanical Critter | 2 | |
| Periapt of Vitality | 1 | |
| Boots of Speed | 1 | |
| Scroll of Protection | 1 | |
| Scroll of Healing | 1 | |
| Staff of Teleportation | 1 | |
14 total
Bury.MeStanding (
green | 81 APM | 3214 actions | 39:52)
9 Archmage
3 Summon Water Elemental
3 Brilliance Aura
2 Blizzard
1 Mass Teleport
» actions
| Assign group hotkey | 78 | |
| Basic commands | 301 | |
| Build / train | 146 | |
| ESC pressed | 5 | |
| Enter build submenu | 46 | |
| Enter hero's abilities submenu | 10 | |
| Give item / drop item | 8 | |
| Remove unit from queue | 2 | |
| Right click | 1019 | |
| Select / deselect | 321 | |
| Select group hotkey | 1063 | |
| Use ability | 215 | |
3214 total
» units
| Peasant | 17 | |
| Footman | 5 | |
| Goblin Shredder | 3 | |
| Sorceress | 1 | |
| Gryphon Rider | 8 | |
| Dragonhawk Rider | 1 | |
| Goblin Sapper | 1 | |
36 total
» upgrades
| Swords | 3 | |
| Masonry | 3 | |
| Sorceress Training | 2 | |
| Magic Sentry | 1 | |
| Armor | 3 | |
| Animal War Training | 1 | |
| Lumber Harvesting | 2 | |
| Storm Hammers | 1 | |
| Cloud | 1 | |
| Priest Training | 2 | |
19 total
» buildings
| Altar of Kings | 1 | |
| Barracks | 1 | |
| Farm | 9 | |
| Arcane Vault | 2 | |
| Town Hall | 3 | |
| Keep | 3 | |
| Lumber Mill | 1 | |
| Scout Tower | 20 | |
| Blacksmith | 1 | |
| Guard Tower | 27 | |
| Castle | 2 | |
| Arcane Sanctum | 1 | |
| Gryphon Aviary | 4 | |
| Arcane Tower | 4 | |
79 total
» build order
00:50 Altar of Kings
00:53 Barracks
00:55 Farm
01:09 Farm
01:57 Farm
02:01 Arcane Vault
02:24 Farm
02:50 Farm
04:17 Town Hall
04:38 Keep
04:38 Keep
04:38 Keep
05:03 Lumber Mill
05:11 Scout Tower
05:14 Scout Tower
05:17 Scout Tower
05:26 Scout Tower
05:28 Scout Tower
05:56 Blacksmith
06:04 Guard Tower
06:04 Guard Tower
06:09 Guard Tower
07:12 Castle
07:25 Farm
07:31 Farm
07:48 Farm
08:56 Arcane Vault
09:02 Town Hall
09:15 Town Hall
09:18 Scout Tower
09:24 Scout Tower
09:25 Scout Tower
09:25 Scout Tower
09:26 Scout Tower
09:27 Scout Tower
09:28 Scout Tower
09:30 Scout Tower
09:31 Scout Tower
09:33 Scout Tower
09:38 Scout Tower
10:03 Guard Tower
10:03 Guard Tower
10:04 Guard Tower
10:06 Guard Tower
10:06 Guard Tower
10:07 Guard Tower
10:09 Guard Tower
10:09 Guard Tower
10:09 Guard Tower
10:22 Arcane Sanctum
11:18 Guard Tower
11:19 Guard Tower
11:41 Guard Tower
11:41 Guard Tower
11:42 Guard Tower
12:16 Farm
12:32 Gryphon Aviary
12:34 Gryphon Aviary
16:36 Gryphon Aviary
16:39 Gryphon Aviary
21:59 Scout Tower
22:00 Scout Tower
22:01 Scout Tower
22:07 Scout Tower
22:27 Guard Tower
22:27 Guard Tower
22:31 Arcane Tower
22:32 Arcane Tower
22:32 Arcane Tower
22:32 Guard Tower
22:32 Guard Tower
» items
| Staff of Teleportation | 1 | |
| Periapt of Vitality | 1 | |
| Boots of Speed | 1 | |
| Tome of Retraining | 1 | |
| Potion of Invisibility | 3 | |
| Scroll of Regeneration | 3 | |
| Lesser Clarity Potion | 2 | |
| Scroll of Town Portal | 1 | |
| Potion of Healing | 1 | |
| Mechanical Critter | 2 | |
16 total
BillyBob (
yellow | 40 APM | 1608 actions | 39:51)
9 Archmage
3 Summon Water Elemental
3 Brilliance Aura
1 Mass Teleport
2 Blizzard
» actions
| Assign group hotkey | 65 | |
| Basic commands | 138 | |
| Build / train | 98 | |
| Enter build submenu | 49 | |
| Enter hero's abilities submenu | 9 | |
| Give item / drop item | 10 | |
| Right click | 546 | |
| Select / deselect | 398 | |
| Select group hotkey | 175 | |
| Use ability | 120 | |
1608 total
» units
| Peasant | 20 | |
| Footman | 5 | |
| Goblin Shredder | 1 | |
| Gryphon Rider | 10 | |
| Goblin Sapper | 4 | |
40 total
» upgrades
| Masonry | 3 | |
| Swords | 3 | |
| Armor | 3 | |
| Animal War Training | 1 | |
| Storm Hammers | 1 | |
11 total
» buildings
| Altar of Kings | 1 | |
| Barracks | 1 | |
| Farm | 5 | |
| Scout Tower | 31 | |
| Arcane Tower | 1 | |
| Keep | 1 | |
| Arcane Vault | 2 | |
| Lumber Mill | 1 | |
| Town Hall | 4 | |
| Guard Tower | 19 | |
| Castle | 1 | |
| Gryphon Aviary | 4 | |
| Blacksmith | 2 | |
73 total
» build order
00:37 Altar of Kings
00:38 Barracks
00:52 Farm
00:54 Farm
01:06 Farm
01:43 Scout Tower
02:03 Farm
02:19 Arcane Tower
03:28 Keep
03:40 Arcane Vault
04:24 Lumber Mill
04:47 Town Hall
04:49 Scout Tower
04:49 Scout Tower
04:50 Scout Tower
04:51 Scout Tower
05:26 Guard Tower
06:18 Castle
07:24 Farm
07:56 Gryphon Aviary
08:42 Gryphon Aviary
08:44 Gryphon Aviary
08:46 Gryphon Aviary
09:14 Blacksmith
09:16 Blacksmith
15:35 Scout Tower
15:35 Scout Tower
15:36 Scout Tower
15:36 Scout Tower
20:41 Town Hall
20:58 Guard Tower
21:50 Scout Tower
21:53 Scout Tower
22:11 Scout Tower
22:11 Scout Tower
22:14 Scout Tower
22:16 Scout Tower
22:17 Scout Tower
22:24 Guard Tower
22:43 Guard Tower
22:44 Guard Tower
22:44 Guard Tower
22:58 Town Hall
23:03 Town Hall
23:06 Scout Tower
23:06 Scout Tower
23:06 Scout Tower
23:09 Scout Tower
23:11 Scout Tower
23:12 Scout Tower
23:13 Scout Tower
23:13 Scout Tower
23:14 Scout Tower
24:05 Guard Tower
24:15 Guard Tower
24:18 Scout Tower
24:43 Guard Tower
25:17 Scout Tower
25:17 Scout Tower
25:18 Scout Tower
25:19 Scout Tower
25:33 Arcane Vault
25:34 Scout Tower
26:23 Guard Tower
26:23 Guard Tower
26:23 Guard Tower
26:23 Guard Tower
26:24 Guard Tower
26:32 Guard Tower
26:41 Guard Tower
27:34 Guard Tower
» items
| Scroll of Regeneration | 5 | |
| Potion of Healing | 2 | |
| Lesser Clarity Potion | 1 | |
| Scroll of Town Portal | 1 | |
| Mechanical Critter | 4 | |
| Staff of Sanctuary | 1 | |
| Potion of Lesser Invulnerability | 1 | |
15 total
WhistlePig (
red | 16 APM | 646 actions | 39:51)
5 Death Knight
3 Death Coil
2 Unholy Aura
» actions
| Basic commands | 15 | |
| Build / train | 58 | |
| Enter build submenu | 19 | |
| Enter hero's abilities submenu | 5 | |
| Right click | 297 | |
| Select / deselect | 214 | |
| Use ability | 38 | |
646 total
» units
| Acolyte | 14 | |
| Ghoul | 10 | |
| Draenei Darkslayer | 1 | |
| Voidwalker | 1 | |
| Frost Wyrm | 7 | |
33 total
» upgrades
| Creature Attack | 3 | |
| Creature Carapace | 3 | |
| Freezing Breath | 1 | |
7 total
» buildings
| Crypt | 1 | |
| Ziggurat | 8 | |
| Altar of Darkness | 1 | |
| Graveyard | 1 | |
| Tomb of Relics | 1 | |
| Spirit Tower | 8 | |
| Halls of the Dead | 1 | |
| Black Citadel | 1 | |
| Sacrificial Pit | 1 | |
| Boneyard | 2 | |
| Necropolis | 2 | |
27 total
» build order
00:18 Crypt
00:33 Ziggurat
00:50 Altar of Darkness
01:06 Ziggurat
01:38 Graveyard
02:02 Tomb of Relics
03:15 Spirit Tower
03:17 Spirit Tower
03:20 Halls of the Dead
04:00 Ziggurat
04:28 Ziggurat
05:46 Black Citadel
05:55 Sacrificial Pit
06:19 Spirit Tower
09:05 Boneyard
09:15 Spirit Tower
09:29 Boneyard
09:36 Ziggurat
14:15 Ziggurat
15:21 Spirit Tower
15:24 Spirit Tower
17:15 Ziggurat
17:23 Ziggurat
18:20 Spirit Tower
18:47 Spirit Tower
20:39 Necropolis
21:45 Necropolis
» items
| Rod of Necromancy | 1 | |
| Potion of Healing | 1 | |
2 total
Chat log
(00:12 / All) Bury.MeStanding: Mr. Weinstein, are you Jewish in descent?
(00:17 / All) burymepeeing: they call me lone wolf joe
(00:18 / All) Bury.MeStanding: I bet I can out-Jew you with my gold hoarding habits
(00:24 / All) mr.weinstein: I am indeed jewish in descent.
(00:25 / All) BillyBob: Saul Goodman is Jewish
(00:30 / All) mr.weinstein: Nobody can out jew me.
(00:33 / All) mr.weinstein: Not even Saul Goodman.
(00:37 / All) mr.weinstein: Better call Mr. Weinstein!
(00:44 / All) burymepeeing: jerry seinfeld is the best jew ever
(00:48 / All) BillyBob: that's probably because Saul is actually Irish
(00:57 / All) mr.weinstein: Yes BillyBob. :)
(01:04 / All) Bury.MeStanding: The local produce store was selling "red hot chili peppers"
(01:07 / All) Bury.MeStanding: that isn't a type of pepper
(01:13 / All) Bury.MeStanding: I don't know what they were
(01:14 / All) mr.weinstein: ask for your money back
(01:18 / All) BillyBob: It's the name of a band
(01:23 / All) Bury.MeStanding: Yeah I know
(01:31 / All) BillyBob: An overrated shitty one
(01:33 / All) Bury.MeStanding: Maybe they were a local strain from a big fan of them
(01:40 / All) Bury.MeStanding: I never liked them when I heard them
(01:43 / All) Bury.MeStanding: I got some of the peppers though
(01:46 / All) Bury.MeStanding: hope they are better than the band
(04:38 / All) burymepeeing: who shot the sherifffffffffff
(06:23 / Allies) Bury.MeStanding: stop autofollowing me or I surround and kill your dk
(11:36 / Allies) WhistlePig: gold?
(12:57 / All) Bury.MeStanding: lol
(13:05 / All) BillyBob: looks like there's a new boss in town
(14:11 / All) BillyBob: so many riffles
(14:40 / All) burymepeeing: purp tried to tk me cuz i was leeching exp
(15:32 / All) Bury.MeStanding: lmao
(15:34 / All) Bury.MeStanding: wtf was that?
(16:05 / All) BetterCallSaul: blue attacks me. dont care anymore
(16:10 / All) burymepeeing: lol
(16:15 / All) burymepeeing: he called it a "love tap"
(16:27 / All) Bury.MeStanding: lol
(17:02 / All) BillyBob: SAul you better call Saul!
(17:40 / All) Bury.MeStanding: Using a mechanical critter cancels invisibility
(17:41 / All) Bury.MeStanding: tha sux
(17:43 / All) burymepeeing: try not to kill yellows epeasants oj
(17:50 / Allies) WhistlePig: gold green
(17:54 / All) BillyBob: yeah it's an item
(17:57 / All) burymepeeing: ill let u knw later
(18:00 / Allies) Bury.MeStanding: Ask yellow I have barely any compared to him
(18:02 / Allies) Bury.MeStanding: He has more
(18:13 / Allies) Bury.MeStanding: Or ask Mr. Weinstein
(18:16 / Allies) Bury.MeStanding: He's a jew and ahs tons of gold
(19:11 / Allies) WhistlePig: gold
(19:20 / Allies) Bury.MeStanding: Ask the jew
(19:21 / Allies) Bury.MeStanding: not I
(19:31 / Allies) Bury.MeStanding: He can give you something from his coiffers in israel
(21:41 / All) Bury.MeStanding: Pink has 95 gold, I have 14,000 gold
(21:45 / All) Bury.MeStanding: I am out-Jewing him
(23:18 / All) mr.weinstein: lol yellow well you got my expo
(23:22 / All) mr.weinstein: and successfully out jewed me
(23:29 / All) burymepeeing: dude give me credit pink
(23:33 / All) burymepeeing: i raped u
(23:33 / All) Bury.MeStanding: Two people out-Jewing you
(23:35 / Allies) WhistlePig: gold?
(23:38 / All) mr.weinstein: not really
(23:44 / All) BillyBob: oy vey, what a world
(23:48 / All) Bury.MeStanding: I have 16,000 gold
(23:48 / All) burymepeeing: we faced two times in battle and both times i raped u
(23:49 / All) mr.weinstein: just fi nished killing orange before you showed up
(23:50 / All) burymepeeing: Give me credit
(23:55 / All) Bury.MeStanding: and me
(24:01 / All) BillyBob: A Jew can't out Jew the goyim, all the shekels lost
(25:00 / All) burymepeeing: ur pretty arrogant pink
(25:04 / All) burymepeeing: i beat u fair and square
(25:12 / All) mr.weinstein: lol you double team me
(25:17 / All) mr.weinstein: and claim i'm the arrogant one
(25:23 / All) burymepeeing: i was tking purple so its even stevens
(25:43 / All) burymepeeing: oj is talking shit to me in spanish lol
(26:15 / Allies) Bury.MeStanding: Good work
(26:18 / Allies) mr.weinstein: lol
(26:25 / Allies) mr.weinstein: i see you're an expert at team killing green
(26:26 / Allies) mr.weinstein: fucking asshole
(26:39 / Allies) BillyBob: The Goyim stick together
(27:10 / All) Bury.MeStanding: oh baby
(27:13 / All) Bury.MeStanding: those lined up farms
(27:25 / All) mr.weinstein: lol blue and yellow collaborate
(27:27 / All) mr.weinstein: JUST TO TK ME
(27:28 / All) Bury.MeStanding: food block hell incoming
(27:30 / All) burymepeeing: wut
(27:32 / All) mr.weinstein: THAT IS HOW AWESOME I AM
(27:33 / All) Bury.MeStanding: We're all good goys
(27:45 / All) burymepeeing: u certainly are awesome
(27:52 / All) Bury.MeStanding: he's awesome to out-Jew
(28:03 / All) burymepeeing: aye
(28:06 / All) mr.weinstein: lol well yellow out jewed me fair and square
(28:14 / All) mr.weinstein: don't know what you hangers on are all about
(28:19 / All) burymepeeing: give me credit
(28:21 / All) burymepeeing: retard
(28:24 / All) mr.weinstein: up yours
(28:25 / All) burymepeeing: i beat u fair and square
(28:27 / All) mr.weinstein: you teamed me with orange
(28:33 / All) burymepeeing: i did no such thing
(28:36 / All) burymepeeing: lieing heretic
(28:36 / All) mr.weinstein: now green is tking me
(28:50 / All) mr.weinstein: so is yellow for that matter lol
(29:06 / All) burymepeeing: is red talking
(29:11 / All) mr.weinstein: nah he's smart
(29:17 / All) Bury.MeStanding: He's a robot
(29:17 / All) mr.weinstein: not even bothering to talk to you people
(29:25 / All) Bury.MeStanding: probably doesn't speak english like people at my local grocery stores
(29:38 / All) burymepeeing: i didnt know they had spics in canada
(29:46 / All) mr.weinstein: well whatever yellow
(29:55 / All) mr.weinstein: you won, so whether you let blue win or not
(29:57 / All) Bury.MeStanding: There's no Mexicans here
(29:57 / All) mr.weinstein: doesn't rly matter
(30:01 / All) Bury.MeStanding: just different flavours of Asian
(30:14 / All) Bury.MeStanding: A lot of them don't speak good English if any
(32:47 / All) BillyBob: mass TP is a bullshit ult
(32:55 / All) Bury.MeStanding: it's quite op
(33:17 / All) BillyBob: They should have made it only for halls
(33:20 / All) BillyBob: instaed of any thing
(33:31 / All) BillyBob: it would be balanced if you could only tp to halls
(33:48 / All) BillyBob: it's still one of the best if not the best
(33:49 / All) burymepeeing: i have no problem with it cept u cant teleport critters with u
(33:51 / All) BillyBob: because it saves 350 gold
(33:58 / All) BillyBob: and you can abuse tp more
(34:13 / All) BillyBob: You want it to be more imba?
(34:28 / All) BillyBob: If you could TP to halls it would be comparable to transmute
(34:31 / All) burymepeeing: its just righ t to me
(34:57 / All) BillyBob: Being able to transport all over the map, even on mechanical critters with low cool down is BS
(35:03 / All) BillyBob: for free just 150 mana
(35:08 / All) BillyBob: which you regenerate almost instantly
(35:12 / All) Bury.MeStanding: Especially because brilliance aura gives infinite mana
(35:22 / All) Bury.MeStanding: brilliance aura too good
(35:29 / All) BillyBob: it's even worse in ROC because it only ahs 10 second cool down
(35:44 / All) BillyBob: AM is probably the best hero in teh game with an army and level 7
(35:57 / All) BillyBob: water ele or blizzard, level 3 aura and mass tp
(36:02 / All) Bury.MeStanding: Blizzard is also almost as good as level 3 flame strike
(36:04 / All) Bury.MeStanding: but less instant
(36:23 / All) burymepeeing: red i want u to chip in
(37:10 / Allies) Bury.MeStanding: Permission to kill your shit?
(37:17 / All) BillyBob: yeah
(37:40 / All) burymepeeing: i know my place
(37:41 / Allies) BillyBob: Gotta hide my AM
(37:43 / All) burymepeeing: in this world
(38:49 / All) burymepeeing: whois one_eye_jack